 Dungeon Crawl Stone Soup version 0.29.0-4-gdea44cf6ec (webtiles) character file.

Game seed: 7450936186474304188

80 qw the Sneak (level 4, -1/28 HPs)
             Began as a Gargoyle Delver on Sept 10, 2022.
             Slain by an ufetubus (4 damage)
             ... on level 5 of the Dungeon.
             The game lasted 00:00:08 (435 turns).

qw the Sneak (Gargoyle Delver)                       Turns: 435, Time: 00:00:09

Health: -1/28      AC:  6    Str: 18    XL:     4   Next: 39%
Magic:  4/4        EV: 11    Int: 10    God:
Gold:   0          SH:  0    Dex: 11    Spells: 3/3 levels left

rFire   . . .      SeeInvis .   a - +0 hand axe
rCold   . . .      Faith    .   (no shield)
rNeg    + . .      Spirit   .   b - +0 leather armour
rPois   inf        Reflect  .   (no helmet)
rElec   +          Harm     .   (no cloak)
rCorr   .          Rampage  .   (no gloves)
Will    .....                   (no boots)
Stlth   +++.......              (no amulet)
HPRegen 0.09/turn               (no ring)
MPRegen 0.09/turn               (no ring)

@: no status effects
A: sickness immunity, AC +3, negative energy resistance 1, electricity
resistance, torment resistance 1, petrification resistance
a: no special abilities


You were on level 5 of the Dungeon.
You visited 1 branch of the dungeon, and saw 1 of its levels.


Innate Abilities, Weirdness & Mutations

You are immune to sickness and miasma.
Your stone body is resilient. (AC +3)
You are immune to poison.
You resist negative energy. (rN+)
You are resistant to electric shocks. (rElec)
You are resistant to unholy torment.
You are immune to petrification.


   Skills:
 - Level 3.2 Fighting
 + Level 4.1 Axes
 - Level 1.5 Dodging
 - Level 5.4 Stealth


You had 3 spell levels left.
You didn't know any spells.
Your spell library was empty.

Inventory:

Hand Weapons
 a - a +0 hand axe (weapon)
Armour
 b - a +0 leather armour (worn)
 i - a +0 plate armour
Wands
 g - a wand of digging (3)
Scrolls
 c - a scroll of fog
 d - a scroll of magic mapping
 e - a scroll of fear
 j - a scroll of summoning {unknown}
Potions
 f - a potion of haste
 h - a potion of curing {unknown}

Dungeon Overview and Level Annotations

Branches:
Dungeon (5/15)
 Temple: D:4-7

Altars:
Kikubaaqudgha
Vehumet


Message History

The jackal barks!
The adder hisses angrily.
You hit the jackal but do no damage.
The jackal is severely wounded.
The jackal bites you. The jackal misses you.
You closely miss the jackal.
The jackal is severely wounded.
You barely miss the jackal.
An ufetubus comes into view.
The jackal closely misses you.
You miss the jackal.
The jackal is severely wounded.
You miss the jackal. The jackal barely misses you.
The jackal bites you but does no damage.
The jackal barely misses you. x2
The jackal bites you but does no damage.
You barely miss the jackal.
The jackal is severely wounded.
You hit the jackal. You barely miss the jackal.
The jackal barely misses you. x2
A phantom comes into view.
The jackal completely misses you. The jackal closely misses you.
You hit the jackal.
You kill the jackal!
You hit the jackal. You barely miss the jackal. The jackal barely misses you.
The jackal bites you but does no damage. x2
The jackal barely misses you.
You hit the jackal.
You kill the jackal!
You hit the jackal.
You kill the jackal!
You barely miss the adder. The adder bites you but does no damage.
The adder barely misses you.
You hit the ufetubus.
The ufetubus is moderately wounded.
You miss the adder.
The ufetubus hits you but does no damage.
The ufetubus hits you.
You die...

.............##..>..##'¤¤.##
.............##...###.......
.............##.#.##...###..
.............##...##..##.##.
................#.#...#...#.
......W.....###...#..##...##
......[.....# #####..#.._..#
..........5.#.....#.%#.....#
....#.###.S@..!...##..%.....
### #. #..%...$...###.....#
#.......... #######
............ ..$..........
........#......
........####### ........#


You could see a phantom, an adder and an ufetubus.

Vanquished Creatures
  A howler monkey (D:5)
  A jelly (D:5)
  An adder (D:5)
  3 jackals (D:5)
  A quokka (D:5)
7 creatures vanquished.

Notes
Turn   | Place    | Note
-------+----------+-------------------------------------------
     0 | D:5      | qw the Gargoyle Delver began the quest for the Orb.
     0 | D:5      | Reached XP level 1. HP: 14/14 MP: 1/1
     0 | D:5      | 0 ||| qw: Version: 0.1-a-116-g5d60599
     0 | D:5      | 0 ||| qw: Game counter: 8573
     0 | D:5      | 0 ||| qw: Always use a shield: true
     0 | D:5      | 0 ||| qw: God list: Okawaru
     0 | D:5      | 0 ||| qw: Allow faded altars: false
     0 | D:5      | 0 ||| qw: Do Orc after D:15 true
     0 | D:5      | 0 ||| qw: Do second Lair branch before Depths: true
     0 | D:5      | 0 ||| qw: Lair rune preference: random
     0 | D:5      | 0 ||| qw: Plans: Normal
     0 | D:5      | 0 ||| PLANNING D:1-11
    15 | D:5      | Found an ancient bone altar of Kikubaaqudgha.
   126 | D:5      | Found a radiant altar of Vehumet.
   149 | D:5      | Reached XP level 2. HP: 6/19 MP: 2/2
   398 | D:5      | Noticed a howler monkey
   415 | D:5      | Killed a howler monkey
   416 | D:5      | Reached skill level 3 in Axes
   416 | D:5      | Reached XP level 3. HP: 14/23 MP: 3/3
   425 | D:5      | Reached XP level 4. HP: 9/28 MP: 4/4
   426 | D:5      | HP: 5/28 [jackal (3)]
   429 | D:5      | HP: 2/28 [jackal (2)]
   432 | D:5      | Noticed a phantom
   435 | D:5      | Slain by an ufetubus

Levels and vault maps discovered:
D:5:      layout_basic, mainiacjoe_overflow_two_lobes

Skill      XL: |  1  2  3 |
---------------+----------+-----
Axes           | 2 3 4 |  4.1
Fighting       | |  3.2
Dodging        | |  1.5
Stealth        | |  5.4

Action                   |  1- 3 |  4- 6 || total
-------------------------+-------+-------++-------
Melee: Hand axe          |    29 |    11 ||    40
Armor: Leather armour    |    11 |     6 ||    17
Dodge: Dodged            |    15 |    15 ||    30

Table legend:
 A = Non-vault XP
 B = Vault XP
 C = Vault XP percentage of total XP
 D = Non-vault monster count
 E = Vault monster count
 F = Vault count percentage of total count
                 A         B        C        D         E       F
            +---------+---------+-------+---------+---------+-------
      Total |     115 |       0 |   0.0 |       7 |       0 |   0.0
            +---------+---------+-------+---------+---------+-------
        D:5 |     115 |       0 |   0.0 |       7 |       0 |   0.0
            +---------+---------+-------+---------+---------+-------
